 Dungeon Crawl Stone Soup version 0.15.2 (webtiles) character file.

3413 Heini the Protected (level 9, -5/85 HPs)
             Began as a Minotaur Fighter on Mar 20, 2015.
             Slain by an orc warrior
             ... wielding a +0 hand axe
              (10 damage)
             ... in a bailey.
             The game lasted 00:16:48 (5327 turns).

Heini the Protected (Minotaur Fighter)              Turns: 5327, Time: 00:16:49

HP  -5/85        AC 18     Str 30      XL: 9   Next: 76%
MP   4/4         EV  5     Int  5      God:
Gold 296         SH 10     Dex  9      Spells:  0 memorised,  8 levels left

rFire  + . .     SeeInvis +     e - +4 flail
rCold  . . .     Clarity  .     x - +0 plate armour
rNeg   . . .     rCorr    .     c - +0 shield
rPois  .         rRot     .     (helmet restricted)
rElec  .         Spirit   .     s - +1 cloak
SustAb .         Warding  .     r - +0 pair of gloves
rMut   .         Stasis   .     (no boots)
Gourm  .                        (no amulet)
MR     .....                    q - ring of see invisible
                                p - ring of protection from fire

@: mighty, about to teleport, not resistant to hostile enchantments, extremely
unstealthy
A: retaliatory headbutt, horns 2
a: no special abilities


You were in a bailey.
You were not hungry.

You visited 2 branches of the dungeon, and saw 9 of its levels.
You also visited: Bailey.

You collected 296 gold pieces.

Inventory:

Hand weapons
 a - a +0 flail
 e - a +4 flail (weapon)
Armour
 c - a +0 shield (worn)
 r - a +0 pair of gloves (worn)
 s - a +1 cloak (worn)
 x - a +0 plate armour (worn)
Magical devices
 b - a wand of lightning (6) {unknown}
 B - a wand of flame (5) {unknown}
Comestibles
 d - 7 bread rations
 j - 2 meat rations
 l - 9 fruits
 z - a chunk of giant frog flesh
 D - 2 beef jerkies
 E - 7 slices of pizza
Scrolls
 f - 6 scrolls of recharging
 h - a scroll of immolation
 i - 3 scrolls of remove curse
 m - a scroll of identify
 n - a scroll of amnesia
 v - a scroll of teleportation
Jewellery
 p - a ring of protection from fire (left hand)
 q - a ring of see invisible (right hand)
Potions
 g - 2 potions of curing
 k - 4 potions of brilliance
 o - a potion of cure mutation
 t - 2 potions of invisibility {unknown}
 u - a potion of restore abilities {unknown}
 w - a potion of magic {unknown}
 F - a potion of resistance


   Skills:
 * Level 9.7 Fighting
 * Level 10.2 Maces & Flails
 * Level 10.4 Armour
 - Level 3.6 Shields


You had 8 spell levels left.
You didn't know any spells.

Dungeon Overview and Level Annotations

Branches:
Dungeon (8/15)             Temple (1/1) D:5
   Lair: D:8-11

Altars:
Dithmenos
Elyvilon
Fedhas
Kikubaaqudgha
Makhleb
Nemelex Xobeh
Sif Muna
Vehumet
Yredelemnul
Zin


Innate Abilities, Weirdness & Mutations

You reflexively headbutt those who attack you in melee.
You have a pair of horns on your head.


Message History

The orc barely misses you. You furiously retaliate!
You headbutt the orc. You block the orc warrior's attack.
The orc knight hits you with a war axe.
* * * LOW HITPOINT WARNING * * *
The gnoll hits you but does no damage.
The orc warrior hits you with a war axe!
* * * LOW HITPOINT WARNING * * *
A hobgoblin comes into view. It is wielding a hand axe.
There is nothing on the other side of the stone arch.
Read which item? (? for menu, Esc to quit)
As you read the scroll of teleportation, it crumbles to dust.
You feel strangely unstable. You block the orc's attack.
The orc warrior hits you but does no damage.
The gnoll hits you with a hand axe.
* * * LOW HITPOINT WARNING * * *
You block the orc knight's attack.
You hit the orc knight. You headbutt the orc knight.
The orc knight is almost dead.
You block the orc warrior's attack.
The orc warrior hits you with a hand axe!
You die...

#####
###o@o###
#^#ogo#^#
###ggg###
##g## ≈g≈
#≈g≈#


K≈g≈K ##≈g≈## .≈.≈K You could see an orc knight, 2 orc warriors, 3 gnolls, an
orc, a hobgoblin and 5 goblins.

Vanquished Creatures
  The ghost of Heini the Protected, an experienced MiFi of Okawaru (D:7)
  Eustachio (D:6)
  A human (D:7)
  A hog (D:7)
  3 orc warriors
  An ice beast (D:8)
  A phantom (D:5)
  A crocodile (D:7)
  2 ogres (D:7)
  A big kobold (D:7)
  4 giant frogs
  Blork the orc (D:6)
  A komodo dragon zombie (D:7)
  A scorpion (D:6)
  2 crimson imps
  A quasit (D:5)
  6 orc priests
  A jelly (D:5)
  A gnoll shaman (D:5)
  Crazy Yiuf (D:2)
  A hound (D:3)
  2 iguanas
  3 orc wizards
  6 worker ants
  3 sheep (D:7)
  20 gnolls
  12 adders
  A shadow imp (D:5)
  An orc skeleton (D:7)
  3 worms
  4 giant geckos
  An ooze (D:6)
  19 orcs
  15 bats
  A bat zombie (D:7)
  4 giant cockroaches
  17 goblins
  9 hobgoblins
  7 jackals
  2 quokkas
  3 giant newts
  15 kobolds
  A kobold skeleton (D:4)
  2 orc zombies
  12 rats
  A spectral orc (D:7)
197 creatures vanquished.

Notes
Turn   | Place    | Note
--------------------------------------------------------------
     0 | D:1      | Heini, the Minotaur Fighter, began the quest for the Orb.
     0 | D:1      | Reached XP level 1. HP: 19/19 MP: 1/1
    93 | D:1      | Reached skill level 4 in Armour
   136 | D:1      | Reached XP level 2. HP: 21/27 MP: 1/1
   560 | D:2      | Reached XP level 3. HP: 25/33 MP: 2/2
   753 | D:2      | Reached skill level 5 in Armour
   833 | D:2      | Reached XP level 4. HP: 35/40 MP: 2/2
   951 | D:2      | Noticed Crazy Yiuf
   958 | D:2      | Killed Crazy Yiuf
  1165 | D:3      | Reached XP level 5. HP: 47/47 MP: 2/2
  1269 | D:3      | Reached skill level 5 in Fighting
  1647 | D:3      | Reached skill level 6 in Armour
  1716 | D:3      | Reached XP level 6. HP: 56/56 MP: 3/3
  2083 | D:4      | Reached skill level 5 in Maces & Flails
  2520 | D:5      | Entered Level 5 of the Dungeon
  2543 | D:5      | Reached XP level 7. HP: 55/62 MP: 3/3
  2598 | D:5      | Reached skill level 7 in Armour
  2995 | D:5      | Found a staircase to the Ecumenical Temple.
  3029 | Temple   | Entered the Ecumenical Temple
  3489 | D:6      | Found a glowing silver altar of Zin.
  3489 | D:6      | Noticed an angel
  3581 | D:6      | Noticed Blork the orc
  3587 | D:6      | Killed Blork the orc
  3634 | D:6      | Found a shadowy altar of Dithmenos.
  3644 | D:6      | Reached XP level 8. HP: 69/73 MP: 3/3
  3662 | D:6      | Noticed Eustachio
  3671 | D:6      | Killed Eustachio
  3671 | D:6      | Reached skill level 8 in Armour
  4136 | D:7      | Found a blossoming altar of Fedhas.
  4137 | D:7      | Found an ancient bone altar of Kikubaaqudgha.
  4210 | D:7      | Reached skill level 9 in Armour
  4312 | D:7      | Reached XP level 9. HP: 55/82 MP: 4/4
  4622 | D:7      | Found a basalt altar of Yredelemnul.
  4810 | D:7      | Noticed Heini's ghost (experienced MiFi)
  5022 | D:7      | Killed Heini's ghost
  5022 | D:7      | Reached skill level 10 in Armour
  5260 | D:8      | Found a flagged portal.
  5268 | D:8      | Reached skill level 10 in Maces & Flails
  5281 | Bailey   | Entered a bailey
  5307 | Bailey   | Noticed an orc knight
  5327 | Bailey   | Slain by an orc warrior

Action                   |  1- 3 |  4- 6 |  7- 9 || total
-------------------------+-------+-------+-------++-------
Melee: Flail             |   138 |   165 |   376 ||   679
  Use: Scroll            |     4 |     8 |     8 ||    20
       Potion            |       |       |     5 ||     5
  Eat: Chunk             |       |     5 |    10 ||    15
